 Dungeon Sprint DCSS version 0.17-a0-1793-gcbb3aa1 (webtiles) character file.

21681 pipel the Unseen (level 12, -1/102 HPs)
             Began as a Vampire Enchanter on Sept 9, 2015.
             Was the Champion of Sif Muna.
             Slain by a tentacled monstrosity (3 damage)
             ... in the Dungeon (Sprint IX: "|||||||||||||||||||||||||||||").
             The game lasted 00:34:29 (2825 turns).

pipel the Unseen (Vampire Enchanter)                Turns: 2825, Time: 00:34:30

Health: -1/102     AC: 15    Str:  8    XL:     12   Next: 56%
Magic:  24/29      EV:  8    Int: 25    God:    Sif Muna [******]
Gold:   144        SH:  0    Dex: 20    Spells: 11 memorised, 8 levels left

rFire  x . .     SeeInvis +     a - +4 rapier (elec)
rCold  + + .     Clarity  .     M - +1 ice dragon armour
rNeg   + . .     SustAt   .     (no shield)
rPois  .         Gourm    .     G - +1 hat {Int+3}
rElec  .         Spirit   .     J - +1 cloak
rCorr  .         Warding  .     q - +0 pair of gloves
rMut   .         NoTele   +     (no boots)
MR     +....                    (no amulet)
Stlth  ++++++++..               u - +3 ring of intelligence
                                t - +3 ring of dexterity

@: very slightly contaminated, constricted, somewhat resistant to hostile
enchantments, extraordinarily stealthy
A: fangs 3, see invisible, low mp 1, unbreathing
a: Bat Form, Channel Energy, Forget Spell, Renounce Religion


You were in the Dungeon.
You worshipped Sif Muna.
Sif Muna was exalted by your worship.
You were not thirsty.

You visited 1 branch You collected 1910 gold pieces.
You spent 1766 gold pieces at shops.

Inventory:

Hand weapons
 a - a +4 rapier of electrocution (weapon)
Missiles
 A - 2 tomahawks (quivered)
Armour
 o - a +1 robe
 q - a +0 pair of gloves (worn)
 r - a +0 helmet
 s - a +0 plate armour
 G - a +1 hat of intelligence (worn)
 J - a +1 cloak (worn)
 K - a +2 ring mail
 L - a +1 leather armour of magic resistance
 M - a +1 ice dragon armour (worn)
Magical staves
 b - an uncursed staff of energy
Jewellery
 t - a +3 ring of dexterity (left hand)
 u - a +3 ring of intelligence (right hand)
 E - an uncursed ring of ice
 H - an uncursed ring of protection from cold
 I - an uncursed ring of protection from cold
Magical devices
 n - a wand of cold (5)
 z - a wand of fireball (10)
Scrolls
 j - 3 scrolls of blinking
 l - 6 scrolls of remove curse
 m - 3 scrolls of amnesia
 v - 2 scrolls of fog
 w - 2 scrolls of enchant armour
Potions
 e - 6 potions of curing
 f - 6 potions of heal wounds
 g - a potion of haste
 h - 3 potions of magic
 i - 2 potions of berserk rage
 k - a potion of invisibility
 x - 15 potions of blood
 N - a potion of cure mutation
 O - a potion of agility
Books
 c - a book of Maledictions

   Spells                             Type                      Level
   a - Corona                         Hexes                        1
   b - Ensorcelled Hibernation        Hexes/Ice                    2
   c - Confuse                        Hexes                        3
   d - Tukima's Dance                 Hexes                        3
   e - Dazzling Spray                 Conjuration/Hexes            3
 d - Sif Muna's Almanac of Enchantment
   (Sif Muna gifted it to you in the Dungeon)

   Spells                             Type                      Level
   a - Gell's Gravitas                Hexes/Translocation          3
   b - Confuse                        Hexes                        3
   c - Leda's Liquefaction            Hexes/Earth                  4
   d - Metabolic Englaciation         Hexes/Ice                    5
   e - Silence                        Hexes/Air                    5
 p - Sif Muna's Tome of Igneous Attacks
   (Sif Muna gifted it to you in the Dungeon)

   Spells                             Type                      Level
   a - Static Discharge               Conjuration/Air              3
   b - Fireball                       Conjuration/Fire             5
   c - Fire Storm                     Conjuration/Fire             9
 B - a book of Minor Magic

   Spells                             Type                      Level
   a - Magic Dart                     Conjuration                  1
   b - Blink                          Translocation                2
   c - Call Imp                       Summoning                    2
   d - Repel Missiles                 Charms/Air                   2
   e - Slow                           Hexes                        2
   f - Conjure Flame                  Conjuration/Fire             3
   g - Mephitic Cloud                 Conjuration/Poison/Air       3
 C - a book of Burglary

   Spells                             Type                      Level
   a - Swiftness                      Charms/Air                   2
   b - Passwall                       Transmutation/Earth          3
   c - Passage of Golubria            Translocation                4
   d - Lee's Rapid Deconstruction     Earth                        5
   e - Darkness                       Hexes                        6
   f - Invisibility                   Hexes                        6
 D - a book of Power

   Spells                             Type                      Level
   a - Fulminant Prism                Conjuration/Hexes            4
   b - Iskenderun's Mystic Blast      Conjuration                  4
   c - Venom Bolt                     Conjuration/Poison           5
   d - Bolt of Magma                  Conjuration/Fire/Earth       5
   e - Iron Shot                      Conjuration/Earth            6
   f - Orb of Destruction             Conjuration                  7
   g - Spellforged Servitor           Conjuration/Summoning        7
 F - Sif Muna's Tome of Execration
   (Sif Muna gifted it to you in the Dungeon)

   Spells                             Type                      Level
   a - Confusing Touch                Hexes                        2
   b - Silence                        Hexes/Air                    5
   c - Metabolic Englaciation         Hexes/Ice                    5
   d - Discord                        Hexes                        8


   Skills:
 * Level 11.9 Fighting
 + Level 7.1 Short Blades
 + Level 1.0 Throwing
 * Level 3.7 Armour
 + Level 9.6 Dodging
 - Level 20.7 Stealth
 * Level 16.3 Spellcasting
 + Level 1.9 Conjurations
 + Level 18.1 Hexes
 + Level 0.4 Charms
 * Level 5.0 Ice Magic
 + Level 5.5 Invocations
 - Level 2.2 Evocations


You had 8 spell levels left.
You knew the following spells:

 Your Spells              Type           Power        Failure   Level  Hunger
a - Corona                Hex            #######      1%          1    None
b - Blink                 Tloc           N/A          56%         2    None
c - Confuse               Hex            #######.     1%          3    None
d - Tukima's Dance        Hex            #######.     1%          3    None
e - Repel Missiles        Chrm/Air       ###...       56%         2    None
f - Conjure Flame         Conj/Fire      ####....     73%         3    None
g - Silence               Hex/Air        ######....   24%         5    None
h - Ensorcelled Hibernat  Hex/Ice        ######       1%          2    None
i - Invisibility          Hex            #######.     3%          6    ####...
j - Metabolic Englaciati  Hex/Ice        ######....   10%         5    None
s - Dazzling Spray        Conj/Hex       ######..     1%          3    None


Dungeon Overview and Level Annotations

Branches:
Dungeon (1/1)

Altars:
Cheibriados
Dithmenos
Elyvilon
Fedhas
Gozag
Kikubaaqudgha
Makhleb
Nemelex Xobeh
Okawaru
Qazlal
Ru
Sif Muna
Trog
Vehumet
Xom
Yredelemnul
Zin
The Shining One
Beogh
Jiyva
Lugonu

Shops:
D :=*[


Innate Abilities, Weirdness & Mutations

You have razor-sharp teeth.
You have supernaturally acute eyesight.
You can survive without breathing.
Your magical capacity is low (-10% MP).


Message History

You hit the tentacled monstrosity but do no damage.
You bite the tentacled monstrosity.
The tentacled monstrosity is lightly wounded.
The tentacled monstrosity tentacle-slaps you.
* * * LOW HITPOINT WARNING * * *
The tentacled monstrosity tentacle-slaps you.
* * * LOW HITPOINT WARNING * * *
The tentacled monstrosity tentacle-slaps you!
* * * LOW HITPOINT WARNING * * *
x2 The tentacled monstrosity constricts you.
You completely miss the tentacled monstrosity.
The tentacled monstrosity is lightly wounded.
Unknown command.
You hit the tentacled monstrosity but do no damage.
The tentacled monstrosity is lightly wounded.
The tentacled monstrosity tentacle-slaps you!
* * * LOW HITPOINT WARNING * * *
The tentacled monstrosity closely misses you.
The tentacled monstrosity tentacle-slaps you but does no damage.
You die...

▓'▓.▓.▓.▓)▓.▓)▓.♣D♣
▓.▓.▓.▓.▓.▓.▓)▓.♣.♣
▓.▓.▓[▓.▓)▓.▓(▓.♣'♣
▓.▓.▓)▓.▓)▓.▓.▓.▓.▓
▓.▓.▓)▓.▓)▓.▓.▓.▓w▓
▓÷▓.▓.▓†▓)▓.▓=▓.▓.▓
▓%▓.▓.▓)▓)▓.▓=▓.▓.▓
▓.▓.▓.▓.▓.▓.▓.▓.▓.▓
▓.▓.▓.▓.▓.▓.▓'▓@▓.▓
▓.▓.▓.▓.▓.▓.▓.▓X▓.▓
▓.▓.▓'▓.▓.▓.▓.▓D▓.▓
▓.▓.▓.▓.▓.▓.▓.▓.▓.▓
▓)▓.▓.▓.▓.▓.▓.▓.▓.▓
▓.▓.▓.▓.▓.▓.▓.▓.▓t▓
▓.▓.▓.▓.▓.▓.▓.▓.▓D▓
▓.▓.▓.▓.▓.▓.▓.▓.▓.▓
▓.▓.▓.▓†▓.▓.▓.▓.▓.▓


You could see a tentacled monstrosity and an eight-headed hydra.

Vanquished Creatures
  Gastronok (D)
  A stone giant (D)
  Josephine (D)
  2 hydras (D)
  A yaktaur captain (D)
  2 entropy weavers (D)
  An ice dragon (D)
  2 centaur warriors (D)
  3 ogre magi (D)
  A death yak (D)
  4 deep trolls (D)
  2 orc knights (D)
  4 hill giants (D)
  A griffon (D)
  A spiny frog (D)
  2 yaktaurs (D)
  A komodo dragon (D)
  2 trolls (D)
  3 blink frogs (D)
  2 deep elf magi (D)
  5 wraiths (D)
  4 yaks (D)
  Grum (D)
  4 wolves (D)
  A black bear (D)
  A water moccasin (D)
  An eye of draining (D)
  8 orc warriors (D)
  A sky beast (D)
  3 crocodiles (D)
  3 brain worms (D)
  3 giant frogs (D)
  An orc wizard (D)
  A crimson imp (D)
  4 orc priests (D)
  A worker ant (D)
  2 iguanas (D)
  A river rat (D)
  An adder skeleton (D)
  6 worms (D)
  A giant gecko (D)
  7 orcs (D)
  A bat zombie (D)
  2 giant cockroaches (D)
  A goblin (D)
  2 hobgoblins (D)
  A jackal (D)
  A giant gecko skeleton (D)
  A quokka zombie (D)
106 creatures vanquished.

Vanquished Creatures (collateral kills)
  A hill giant (D)
  5 orc warriors (D)
6 creatures vanquished.

Vanquished Creatures (others)
  A great orb of eyes (D)
  A dancing weapon (D)
2 creatures vanquished.

Grand Total: 114 creatures vanquished

Notes
Turn   | Place    | Note
--------------------------------------------------------------
     0 | D        | pipel the Vampire Enchanter began the quest for the Orb.
     0 | D        | Reached XP level 1. HP: 13/13 MP: 3/3
     7 | D        | Reached skill level 5 in Stealth
    16 | D        | Reached skill level 5 in Hexes
   224 | D        | Noticed a sky beast
   224 | D        | Noticed an iguana
   224 | D        | Noticed an iguana
   226 | D        | Killed an iguana
   226 | D        | Reached skill level 6 in Stealth
   226 | D        | Reached XP level 2. HP: 19/19 MP: 4/6
   226 | D        | Reached XP level 3. HP: 24/24 MP: 4/7
   237 | D        | Learned a level 2 spell: Ensorcelled Hibernation
   241 | D        | Learned a level 3 spell: Confuse
   269 | D        | Reached skill level 7 in Hexes
   271 | D        | Killed an iguana
   275 | D        | Killed a sky beast
   275 | D        | Reached skill level 9 in Stealth
   275 | D        | Reached skill level 1 in Ice Magic
   275 | D        | Reached XP level 4. HP: 21/30 MP: 6/10
   275 | D        | Reached XP level 5. HP: 24/35 MP: 7/12
   287 | D        | Found a glowing silver altar of Zin.
   287 | D        | Found a glowing golden altar of the Shining One.
   287 | D        | Found an ancient bone altar of Kikubaaqudgha.
   287 | D        | Found a basalt altar of Yredelemnul.
   287 | D        | Found a shimmering altar of Xom.
   287 | D        | Found a radiant altar of Vehumet.
   288 | D        | Found an iron altar of Okawaru.
   289 | D        | Found a burning altar of Makhleb.
   290 | D        | Found a deep blue altar of Sif Muna.
   291 | D        | Found a bloodstained altar of Trog.
   292 | D        | Found a sparkling altar of Nemelex Xobeh.
   293 | D        | Found a white marble altar of Elyvilon.
   294 | D        | Found a roughly hewn altar of Beogh.
   295 | D        | Found a viscous altar of Jiyva.
   296 | D        | Found a corrupted altar of Lugonu.
   297 | D        | Found a blossoming altar of Fedhas.
   298 | D        | Became a worshipper of Sif Muna the Loreminder
   299 | D        | Found a snail-covered altar of Cheibriados.
   300 | D        | Found a shadowy altar of Dithmenos.
   301 | D        | Found a stormy altar of Qazlal.
   302 | D        | Found an opulent altar of Gozag.
   303 | D        | Found a sacrificial altar of Ru.
   339 | D        | Learned a level 3 spell: Dazzling Spray
   343 | D        | Learned a level 3 spell: Tukima's Dance
   343 | D        | Noticed an eye of draining
   343 | D        | Noticed a giant frog
   343 | D        | Noticed a worker ant
   350 | D        | Killed a worker ant
   350 | D        | Reached skill level 1 in Fighting
   350 | D        | Reached skill level 5 in Spellcasting
   364 | D        | Killed a giant frog
   364 | D        | Acquired Sif Muna's first power
   364 | D        | Reached skill level 10 in Stealth
   364 | D        | Reached skill level 10 in Hexes
   391 | D        | Killed an eye of draining
   391 | D        | Reached skill level 5 in Dodging
   391 | D        | Reached skill level 11 in Stealth
   391 | D        | Reached XP level 6. HP: 40/47 MP: 5/15
   437 | D        | Noticed a centaur warrior
   437 | D        | Noticed a yak
   437 | D        | Noticed a black bear
   437 | D        | Noticed a deep elf mage
   439 | D        | Killed a deep elf mage
   439 | D        | Acquired Sif Muna's second power
   439 | D        | Reached skill level 1 in Evocations
   444 | D        | Killed a black bear
   444 | D        | Reached skill level 12 in Stealth
   444 | D        | Reached XP level 7. HP: 41/54 MP: 12/18
   448 | D        | Killed a yak
   448 | D        | Reached skill level 13 in Stealth
   457 | D        | Killed a centaur warrior
   457 | D        | Reached skill level 5 in Fighting
   457 | D        | Reached skill level 14 in Stealth
   457 | D        | Reached XP level 8. HP: 11/64 MP: 1/21
   597 | D        | Noticed a blink frog
   597 | D        | Noticed a crocodile
   597 | D        | Noticed a yak
   597 | D        | Noticed a yak
   597 | D        | Noticed a spiny frog
   597 | D        | Noticed a yak
   598 | D        | Noticed a crocodile
   599 | D        | Killed a yak
   599 | D        | Reached skill level 15 in Stealth
   599 | D        | Reached skill level 1 in Invocations
   600 | D        | Noticed a blink frog
   602 | D        | Killed a spiny frog
   602 | D        | Acquired Sif Muna's third power
   602 | D        | Reached skill level 10 in Spellcasting
   604 | D        | Noticed a giant frog
   604 | D        | Killed a yak
   611 | D        | Killed a yak
   611 | D        | Reached XP level 9. HP: 54/71 MP: 6/23
   615 | D        | Killed a crocodile
   615 | D        | Reached skill level 16 in Stealth
   621 | D        | Killed a crocodile
   623 | D        | Killed a blink frog
   626 | D        | Killed a blink frog
   629 | D        | Killed a giant frog
   735 | D        | Noticed a komodo dragon
   735 | D        | Noticed a water moccasin
   735 | D        | Noticed a death yak
   735 | D        | Noticed a crocodile
   735 | D        | Noticed a blink frog
   736 | D        | Noticed a giant frog
   737 | D        | Killed a blink frog
   738 | D        | Noticed a griffon
   740 | D        | Killed a crocodile
   742 | D        | Noticed an eight-headed hydra
   742 | D        | Killed a water moccasin
   751 | D        | Killed a death yak
   751 | D        | Reached skill level 17 in Stealth
   756 | D        | Killed a griffon
   756 | D        | Received a gift from Sif Muna
   757 | D        | Identified Sif Muna's Almanac of Enchantment (Sif Muna gifted it to you in the Dungeon)
   765 | D        | Killed an eight-headed hydra
   765 | D        | Reached XP level 10. HP: 41/80 MP: 9/26
   791 | D        | Killed a giant frog
   797 | D        | Killed a komodo dragon
   797 | D        | Reached skill level 1 in Conjurations
   876 | D        | Noticed a brain worm
   876 | D        | Noticed a brain worm
   876 | D        | Noticed a brain worm
   880 | D        | Killed a brain worm
   882 | D        | Killed a brain worm
   890 | D        | Killed a brain worm
   970 | D        | Noticed a wolf
   971 | D        | Noticed a wolf
   973 | D        | Noticed Grum
   979 | D        | Killed a wolf
   981 | D        | Killed a wolf
   981 | D        | Reached skill level 5 in Short Blades
   984 | D        | Killed Grum
   997 | D        | Noticed a wolf
   997 | D        | Noticed a wolf
  1005 | D        | Killed a wolf
  1007 | D        | Killed a wolf
  1007 | D        | Reached skill level 18 in Stealth
  1022 | D        | Noticed an orc warrior
  1022 | D        | Noticed an orc warrior
  1023 | D        | Noticed an orc warrior
  1024 | D        | Killed an orc warrior
  1025 | D        | Noticed an orc priest
  1036 | D        | Killed an orc warrior
  1039 | D        | Killed an orc warrior
  1049 | D        | Killed an orc priest
  1057 | D        | Noticed an orc priest
  1063 | D        | Killed an orc priest
  1080 | D        | Noticed an orc knight
  1081 | D        | Noticed an orc priest
  1161 | D        | Killed an orc knight
  1162 | D        | Killed an orc priest
  1253 | D        | Noticed an orc priest
  1253 | D        | Noticed an orc warrior
  1253 | D        | Noticed an orc warrior
  1253 | D        | Noticed an orc warrior
  1253 | D        | Noticed an orc warrior
  1253 | D        | Noticed an orc knight
  1254 | D        | Noticed an orc warrior
  1255 | D        | Killed an orc knight
  1257 | D        | Noticed an orc warrior
  1258 | D        | Killed an orc warrior
  1261 | D        | Killed an orc warrior
  1261 | D        | Reached skill level 15 in Hexes
  1262 | D        | Killed an orc warrior
  1262 | D        | Received a gift from Sif Muna
  1267 | D        | Killed an orc warrior
  1269 | D        | Noticed an orc wizard
  1270 | D        | Noticed an orc warrior
  1270 | D        | Killed an orc warrior
  1272 | D        | Noticed an orc warrior
  1278 | D        | Noticed an orc warrior
  1278 | D        | Killed an orc priest
  1282 | D        | Killed an orc warrior
  1284 | D        | Killed an orc warrior
  1286 | D        | Killed an orc wizard
  1288 | D        | Killed an orc warrior
  1291 | D        | Killed an orc warrior
  1312 | D        | Learned a level 2 spell: Repel Missiles
  1316 | D        | Learned a level 2 spell: Blink
  1320 | D        | Learned a level 3 spell: Conjure Flame
  1358 | D        | Found Gixzocau's Armour Boutique.
  1358 | D        | Noticed an ogre mage
  1358 | D        | Noticed a troll
  1358 | D        | Noticed a hill giant
  1358 | D        | Noticed a hill giant
  1358 | D        | Noticed a deep troll
  1359 | D        | Noticed a hill giant
  1360 | D        | Killed a deep troll
  1361 | D        | Found Ohasoxotig's Assorted Antiques.
  1363 | D        | Noticed a hill giant
  1367 | D        | Killed a hill giant
  1367 | D        | Reached skill level 19 in Stealth
  1367 | D        | Reached XP level 11. HP: 90/90 MP: 28/28
  1376 | D        | Killed a hill giant
  1379 | D        | Killed a troll
  1387 | D        | Killed an ogre mage
  1387 | D        | Reached skill level 10 in Fighting
  1394 | D        | Killed a hill giant
  1398 | D        | Noticed a deep troll
  1398 | D        | Noticed a hill giant
  1400 | D        | Killed a hill giant
  1409 | D        | Killed a deep troll
  1412 | D        | Killed a hill giant
  1489 | D        | Found Nemimorch's Jewellery Boutique.
  1493 | D        | Found Mace's Book Shop.
  1496 | D        | Noticed a deep troll
  1584 | D        | Noticed a deep troll
  1585 | D        | Noticed an ogre mage
  1585 | D        | Noticed an ogre mage
  1592 | D        | Killed a deep troll
  1592 | D        | Received a gift from Sif Muna
  1596 | D        | Killed a deep troll
  1617 | D        | Killed an ogre mage
  1617 | D        | Reached skill level 20 in Stealth
  1626 | D        | Killed an ogre mage
  1759 | D        | Bought a book of Burglary for 1050 gold pieces
  1763 | D        | Bought a potion of heal wounds for 105 gold pieces
  1763 | D        | Bought a leatherbound book for 315 gold pieces
  1763 | D        | Bought a scroll labeled HADWOE JEGHON for 21 gold pieces
  1770 | D        | Bought an uncursed ring of ice for 275 gold pieces
  1826 | D        | Noticed a wraith
  1841 | D        | Killed a wraith
  1854 | D        | Noticed a wraith
  1858 | D        | Noticed a wraith
  1864 | D        | Killed a wraith
  1874 | D        | Killed a wraith
  1875 | D        | Noticed Josephine
  1876 | D        | Noticed a wraith
  1878 | D        | Noticed a wraith
  1882 | D        | Killed Josephine
  1882 | D        | Reached skill level 15 in Spellcasting
  1890 | D        | Killed a wraith
  1892 | D        | Killed a wraith
  1910 | D        | Noticed Gastronok
  1921 | D        | Killed Gastronok
  1921 | D        | Received a gift from Sif Muna
  1921 | D        | Reached skill level 1 in Throwing
  1921 | D        | Reached skill level 5 in Invocations
  1921 | D        | Reached XP level 12. HP: 96/100 MP: 24/31
  1922 | D        | Identified Sif Muna's Tome of Execration (Sif Muna gifted it to you in the Dungeon)
  1929 | D        | Learned a level 5 spell: Silence
  1936 | D        | Learned a level 6 spell: Invisibility
  2069 | D        | Learned a level 5 spell: Metabolic Englaciation
  2070 | D        | Noticed a centaur warrior
  2070 | D        | Noticed an orc warrior
  2070 | D        | Noticed a yaktaur
  2070 | D        | Noticed a deep elf mage
  2070 | D        | Noticed a crimson imp
  2071 | D        | Noticed a troll
  2072 | D        | Killed a crimson imp
  2073 | D        | Noticed a five-headed hydra
  2074 | D        | Killed a deep elf mage
  2077 | D        | Noticed an ice dragon
  2078 | D        | Killed a yaktaur
  2079 | D        | Noticed a great orb of eyes
  2080 | D        | Killed an orc warrior
  2081 | D        | Noticed a yaktaur captain
  2082 | D        | Killed a centaur warrior
  2082 | D        | Reached skill level 1 in Armour
  2083 | D        | Noticed an entropy weaver
  2086 | D        | Killed a troll
  2088 | D        | Noticed a yaktaur
  2096 | D        | Killed a five-headed hydra
  2097 | D        | Killed an ice dragon
  2104 | D        | Killed a great orb of eyes
  2334 | D        | Killed a yaktaur captain
  2348 | D        | Killed an entropy weaver
  2348 | D        | Received a gift from Sif Muna
  2349 | D        | Identified Sif Muna's Tome of Igneous Attacks (Sif Muna gifted it to you in the Dungeon)
  2362 | D        | Killed a yaktaur
  2426 | D        | Noticed an entropy weaver
  2435 | D        | Killed an entropy weaver
  2438 | D        | Gained mutation: Your magical capacity is low (-10% MP). [mutagenic glow]
  2502 | D        | Noticed a stone giant
  2520 | D        | Killed a stone giant
  2520 | D        | Reached skill level 5 in Ice Magic
  2788 | D        | Noticed a brown very ugly thing
  2788 | D        | Noticed a seven-headed hydra
  2788 | D        | Noticed a giant leech
  2788 | D        | Noticed an alligator
  2788 | D        | Noticed a tentacled monstrosity
  2788 | D        | Noticed an eight-headed hydra
  2825 | D        | HP: 2/102 [tentacled monstrosity (12)]
  2825 | D        | Slain by a tentacled monstrosity

Vault maps used:
D:        linesprint

Action                   |  1- 3 |  4- 6 |  7- 9 | 10-12 || total
-------------------------+-------+-------+-------+-------++-------
Melee: Dagger            |    28 |       |       |       ||    28
       Rapier            |       |    19 |    26 |   141 ||   186
Throw: Tomahawk          |       |       |       |     3 ||     3
 Cast: Corona            |     6 |       |       |     7 ||    13
       Ensorcelled Hiber |     4 |     3 |    19 |    27 ||    53
       Confuse           |       |     1 |     2 |    28 ||    31
       Dazzling Spray    |       |       |     6 |    10 ||    16
       Tukima's Dance    |       |       |       |     8 ||     8
       Repel Missiles    |       |       |       |     1 ||     1
       Conjure Flame     |       |       |       |     1 ||     1
       Invisibility      |       |       |       |     5 ||     5
       Blink             |       |       |       |     1 ||     1
       Metabolic Englaci |       |       |       |     1 ||     1
Invok: Channel Energy    |       |       |     4 |    30 ||    34
Evoke: Staff of energy   |       |     5 |       |       ||     5
       Wand              |       |       |     1 |     7 ||     8
  Use: Potion            |     4 |       |     8 |    10 ||    22
       Scroll            |       |       |       |     5 ||     5
 Stab: Sleeping          |     4 |     4 |    10 |    38 ||    56
       Distracted        |       |     2 |       |       ||     2
       Confused          |       |       |     1 |    20 ||    21
       Invisible         |       |       |     1 |     8 ||     9
